Cogmind - Beta 14 *** ADVENTURER MODE // 2024.09.28 @ 20:12:58 Player: RustedShell Result: Destroyed by D-53 Grenadier with Mini Grenade Launcher Performance ------------- Evolutions (0) 0 Regions Visited (2) 400 Robots Destroyed (15) 75 Value Destroyed (248) 248 Prototype IDs (2) 40 Alien Tech Used (0) 0 Bonus (0) 0 TOTAL SCORE: 763 Bonus ------- None Cogmind --------- Core Integrity 0/250 Matter 300/300 Energy 100/100 System Corruption 0% Temperature Cool (0) Movement Core (1350) Ox26 Location -10/Mines Parts ------- > --- POWER (1) -------- (None) > --- PROPULSION (2) --- (None) > --- UTILITY (2) ------ Huge Storage Unit Seismic Detector > --- WEAPON (2) ------- (None) > --- INVENTORY (25) --- Light Ion Engine Light Ion Engine Improved Ion Engine Improved Ion Engine Improved Ion Engine Weight Redist. System Improved Terrain Scanner Small Laser Beam Rifle Beam Rifle Assault Rifle Assault Rifle Mining Laser Peak State ------------ > --- POWER ------------ Improved Ion Engine > --- PROPULSION ------- Light Treads Light Treads > --- UTILITY ---------- Huge Storage Unit Seismic Detector > --- WEAPON ----------- Heavy EM Pulse Gun Heavy EM Pulse Gun > --- INVENTORY -------- Light Ion Engine Light Ion Engine Improved Ion Engine Improved Ion Engine Improved Ion Engine Weight Redist. System Improved Terrain Scanner Small Laser Beam Rifle Beam Rifle Assault Rifle Assault Rifle Mining Laser [Rating: 12] Favorites ----------- Power Light Ion Engine Engine Light Ion Engine Propulsion Light Treads Treads Light Treads Utility Seismic Detector Device Seismic Detector Storage Huge Storage Unit Weapon Heavy EM Pulse Gun Energy Gun Heavy EM Pulse Gun Ballistic Gun Assault Rifle Build | -11 -10 -10 ------- Run | Yrd Mat Min Slots Evolved . | . . . Power . | . . . Propulsion . | . . . Utility . | . . . Weapon . | . . . Parts Attached 12 | 6 6 . Power 2 | 1 1 . Engine 2 | 1 1 . Core . | . . . Reactor . | . . . Propulsion 2 | . 2 . Treads 2 | . 2 . Leg . | . . . Wheel . | . . . Hover . | . . . Flight . | . . . Utility 4 | 3 1 . Device 2 | 2 . . Storage 2 | 1 1 . Processor . | . . . Hackware . | . . . Protection . | . . . Artifact . | . . . Weapon 4 | 2 2 . Energy Gun 3 | 1 2 . Energy Cannon . | . . . Ballistic Gun 1 | 1 . . Ballistic Cannon . | . . . Launcher . | . . . Special Weapon . | . . . Impact Weapon . | . . . Slashing Weapon . | . . . Piercing Weapon . | . . . Special Melee Weapon . | . . . Unidentified Prototypes . | . . . Parts Lost 5 | . . 5 Power 1 | . . 1 Propulsion 2 | . . 2 Utility . | . . . Weapon 2 | . . 2 Highest Loss Streak 5 | . . 5 To Critical Strikes . | . . . Average Slot Usage (%) 98 | . 100 96 Engine 13 | . 14 13 Treads 27 | . 28 26 Device 14 | . 14 14 Storage 14 | . 14 14 Energy Gun 20 | . 15 26 Ballistic Gun 7 | . 12 . Peak Build Rating 12 | 7 12 12 Average Rating 9 | 5 8 11 On Entrance 5 | . 5 12 Naked Turns . | . . . Heaviest Build 94 | 12 94 94 Greatest Support 40 | 3 40 40 Greatest Overweight (x) 29 | 3 2 29 Average Overweight (x) 1 | 2 . 2 Largest Inventory Capacity 25 | 8 25 25 Average Capacity 19 | 7 18 25 Most Carried 13 | 6 13 13 Average Carried 9 | 4 7 13 Final Capacity 25 | 8 25 25 Final Carried 13 | 6 13 13 Class Distribution -------------------- 100% | Mutant Dominant Class ---------------- Mutant | -10/Materials Mutant | -10/Mines Resources | -11 -10 -10 ----------- Run | Yrd Mat Min Matter Collected 386 | 238 43 105 Remotely . | . . . Salvage Created 415 | 146 81 188 Parts 27 | 9 5 13 Haulers Intercepted . | . . . Recyclers Shooed 1 | 1 . . Parts Field Recycled . | . . . Retrieved Matter . | . . . Parts Self-Destructed . | . . . Prevented . | . . . Kills | -11 -10 -10 ------- Run | Yrd Mat Min Combat Hostiles Destroyed 9 | . 3 6 Guns 7 | . 3 4 AOE 1 | . . 1 Classes Destroyed 5 | 2 2 1 Tunneler 4 | 4 . . Recycler 1 | 1 . . Watcher 1 | . 1 . Swarmer 6 | . 3 3 Grunt 3 | . . 3 Best Kill Streak 4 | 3 4 3 Combat Bots Only 3 | . 3 3 Max Kills in Single Turn 2 | 1 1 2 Gunslinging 1 | . . 1 Exploded 1 | . . 1 Melee . | . . . Uniques/NPCs Destroyed . | . . . Combat | -11 -10 -10 -------- Run | Yrd Mat Min Hostile Shots Fired 74 | . 36 38 Missed 18 | . 9 9 Damage Taken 840 | . 164 676 Core 258 | . 28 230 Absorbed by Shields . | . . . Ignored by Resistances 242 | . 54 188 Core Remaining (%) 100 | 100 . . Volleys Fired 35 | 12 10 13 Largest 2 | 2 2 2 Hottest 90 | 60 65 90 Shots Fired 69 | 24 20 25 Gun 69 | 24 20 25 Cannon . | . . . Launcher . | . . . Special . | . . . Kinetic 22 | 12 10 . Thermal 16 | 12 4 . Explosive . | . . . Electromagnetic 31 | . 6 25 Robot Hit Streak 10 | 9 10 7 Robot Miss Streak 3 | 1 3 1 Penetration Max . | . . . Secondary Targets 1 | . . 1 Max Gunslinging Chain 1 | . . 1 Shots Hit Robots 45 | 18 12 15 Core Hits 17 | 6 4 7 Critical Kills . | . . . Critical Parts Destroyed . | . . . Critical Strikes . | . . . Melee Attacks . | . . . Impact . | . . . Slashing . | . . . Piercing . | . . . Sneak Attacks . | . . . Combat Hostiles . | . . . Follow-up Attacks . | . . . Damage Inflicted 729 | 206 206 317 Guns 643 | 206 206 231 Cannons . | . . . Explosions 84 | . . 84 Melee . | . . . Ramming 2 | . . 2 Kinetic 220 | 110 110 . Thermal 201 | 96 21 84 Explosive . | . . . Electromagnetic 306 | . 75 231 Impact . | . . . Slashing . | . . . Piercing . | . . . Highest Corruption . | . . . Average Corruption . | . . . Corruption Purged . | . . . Corruption Blocked . | . . . Overload Shots . | . . . Overflow Damage . | . . . Projectiles . | . . . Explosions . | . . . Melee . | . . . Knockbacks . | . . . Impact . | . . . Kinetic . | . . . Secondary . | . . . Self-Inflicted Damage 40 | . . 40 Shots 1 | . . 1 Rammed 1 | . . 1 Targets Rammed 1 | . . 1 Kicked . | . . . Crushed . | . . . Highest Temperature 364 | 20 12 364 Average Temperature 123 | 20 5 161 Received Heat Transfer 102 | . . 102 Effects 2 | . . 2 Energy Bleed 1 | . . 1 Damage (minor) 1 | . . 1 Siege Activations . | . . . Robots Corrupted 1 | . . 1 Combat Hostiles 1 | . . 1 Parts Fried 1 | . 1 . Impact Corruptions . | . . . Robots Melted . | . . . Combat Hostiles . | . . . Parts Melted . | . . . Heat Transferred 325 | 225 50 50 Parts Sabotaged . | . . . Parts Stolen . | . . . Parts Stripped . | . . . Power Chain Reactions 1 | . . 1 Alert | -11 -10 -10 ------- Run | Yrd Mat Min Peak Influence 203 | 25 109 203 Initial 35 | . 13 35 Average 89 | 12 57 169 Maximum Alert Level 1 | . . 1 Low Security (%) 80 | 100 100 43 Level 1 19 | . . 56 Level 2 . | . . . Level 3 . | . . . Level 4 . | . . . Level 5 . | . . . High Security . | . . . Max Security . | . . . Squads Dispatched . | . . . Investigation . | . . . Extermination . | . . . Reinforcement . | . . . Assault . | . . . Garrison . | . . . Intercept . | . . . Searches Triggered . | . . . Construction Impeded . | . . . Haulers Reinforced . | . . . Active Scanning Responses . | . . . Cargo Convoy Interrupts . | . . . Stealth | -11 -10 -10 --------- Run | Yrd Mat Min Distress Signals . | . . . Communications Jammed . | . . . Distress Signals . | . . . Times Spotted 11 | . 4 7 Peak Tracking Total 3 | . 3 2 Tactical Retreats . | . . . Traps | -11 -10 -10 ------- Run | Yrd Mat Min Traps Triggered . | . . . Indirectly . | . . . Trap Hack Attempts . | . . . Triggered . | . . . Disarmed . | . . . Reprogrammed . | . . . Reused . | . . . Traps Extracted . | . . . Installed . | . . . Triggered . | . . . Machines | -11 -10 -10 ---------- Run | Yrd Mat Min Machines Disabled 1 | . . 1 Max in Single Turn 1 | . . 1 Machines Repaired . | . . . Machines Dismantled . | . . . Machines Sabotaged . | . . . Overloaded Fab Kills . | . . . Hacking | -11 -10 -10 --------- Run | Yrd Mat Min Machines Accessed 4 | . 3 1 Terminals 3 | . 2 1 Fabricators . | . . . Repair Stations . | . . . Recycling Units 1 | . 1 . Scanalyzers . | . . . Garrison Access . | . . . Total Hacks 6 | . 4 2 Successful 4 | . 2 2 Failed 2 | . 2 . Catastrophic . | . . . Database Lockouts . | . . . Manual . | . . . Terminals 5 | . 3 2 Fabricators . | . . . Repair Stations . | . . . Recycling Units 1 | . 1 . Scanalyzers . | . . . Garrison Access . | . . . Terminal Hacks 4 | . 2 2 Prototype ID Bank 1 | . 1 . Dispatch Records 1 | . . 1 Zone Layout 2 | . 1 1 Fabricator Hacks . | . . . Repair Station Hacks . | . . . Recycling Unit Hacks . | . . . Scanalyzer . | . . . Garrison Access Hacks . | . . . Unauthorized Hacks . | . . . Terminals . | . . . Fabricators . | . . . Repair Stations . | . . . Recycling Units . | . . . Scanalyzers . | . . . Garrison Access . | . . . Data Cores Recovered . | . . . Used . | . . . Hacking Detections 2 | . 1 1 Full Trace Events . | . . . Feedback Events . | . . . Feedback Blocked . | . . . Robot Schematics Acquired . | . . . Robots Built . | . . . Authchips . | . . . Time . | . . . Total Robot Build Rating . | . . . Part Schematics Acquired . | . . . Parts Built . | . . . Authchips . | . . . Time . | . . . Total Part Build Rating . | . . . Parts Repaired . | . . . Time . | . . . Parts Recycled . | . . . Recycled Matter . | . . . Retrieved Matter . | . . . Retrieved Components . | . . . Parts Scanalyzed . | . . . Part Schematics Acquired . | . . . Parts Damaged . | . . . Bothacking | -11 -10 -10 ------------ Run | Yrd Mat Min Used RIF Installer . | . . . Robots Hacked . | . . . Non-combat . | . . . Combat . | . . . Robot Hacks Applied . | . . . Relay Couplers Released . | . . . Fabnet Peak Effective % . | . . . Robots Rewired . | . . . Allies Hacked . | . . . Hacks Repelled . | . . . Allies | -11 -10 -10 -------- Run | Yrd Mat Min Total Allies . | . . . Largest Group . | . . . Highest-Rated Group . | . . . Highest-Rated Ally . | . . . Total Orders . | . . . Ally Attacks . | . . . Total Damage . | . . . Kills . | . . . Allies Corrupted . | . . . Allies Melted . | . . . Intel | -11 -10 -10 ------- Run | Yrd Mat Min Robot Analysis Total . | . . . Derelict Logs Recovered . | . . . Drone Launches . | . . . Drone Recoveries . | . . . Exploration | -11 -10 -10 ------------- Run | Yrd Mat Min Turns Passed 785 | 129 382 274 Spaces Moved 259 | 47 142 70 Core 48 | 47 . 1 Treads 211 | . 142 69 Legs . | . . . Wheels . | . . . Hover . | . . . Flight . | . . . Fastest Speed 50 | 50 160 320 Average Speed 247 | 168 228 339 Slowest Speed 1500 | 200 320 1500 Overloaded Moves . | . . . Propulsion Burnouts . | . . . Robots Hopped . | . . . Cave-ins Triggered . | . . . Exploration Rate (%) 19 | 4 35 19 Regions Visited 2 Branch Regions 1 Pre-discovered Areas . | . . . Known Exits Taken . | . . . Unknown Exits Taken 2 | 1 1 . Scrap Searched 1 | . . 1 Spaces Dug . | . . . Terrain Destroyed 10 | . . 10 Melee . | . . . Projectile . | . . . AOE 10 | . . 10 Terrain Rammed . | . . . Walls Destroyed . | . . . Machines Disabled . | . . . Actions | -11 -10 -10 --------- Run | Yrd Mat Min Total 336 | 72 180 84 Wait 14 | . 14 . Move 257 | 46 141 70 Hop . | . . . Pick Up 16 | 8 8 . Fast Attach 3 | 3 . . Attach 4 | 2 2 . Detach . | . . . Swap 5 | 1 4 . Drop 1 | . 1 . Fire 35 | 12 10 13 Melee . | . . . Ram . | . . . Kick . | . . . Crush 1 | . . 1 Escape Stasis . | . . . Rewire . | . . . Trap . | . . . Miscellaneous . | . . . Route ------- -11/Scrapyard -10/Materials (discovered 2 exits: [*Mat] / *Min) -10/Mines (discovered 1 exit: [*Mat]) History --------- Turn | Location | Event 2 | -11/Scrapyard | Met Revision 17 7 | -11/Scrapyard | Discovered new exit (range 16) 130 | -11/Scrapyard | Entered Materials 311 | -10/Materials | Build established: Mutant 358 | -10/Materials | Discovered new exit (range 4) 415 | -10/Materials | Discovered new exit (range 16) 512 | -10/Materials | Entered Mines 648 | -10/Mines | Discovered new exit (range 9) 764 | -10/Mines | Assembled infested the area 769 | -10/Mines | Assisted by a Guerilla fighting off Assembled 778 | -10/Mines | Core integrity fell below 50% 782 | -10/Mines | Core integrity fell below 20% 786 | -10/Mines | Destroyed by D-53 Grenadier with Mini Grenade Launcher Last Messages --------------- coming from, and they're closing on this area, come on!" 00769_ C-30 ARC bursts open, deploying its payload. 00769_ D-53 Grenadier unfolds itself. 00769_ Lgt. Treads destroyed. 00771_ Hvy. EM Pulse Gun destroyed. 00771_ UG-NVH(h): "I'll hold them off! Go on ahead or try to find another way!" 00771_ HV Slug penetrates D-53 Grenadier. 00771_ D-53 Grenadier suffers critical hit (Destroy). 00771_ D-53 Grenadier knocked back. 00772_ UG-NVH(h) destroyed. 00776_ Hvy. EM Pulse Gun destroyed. 00776_ Lgt. Treads destroyed. 00777_ Imp. Ion Engine destroyed. 00782_ K-01 Serf collects debris. 00785_ K-01 Serf destroyed. 00786_ The unstable cave ceiling collapses. Map ----- +----------------------------------------------------+ | ?????????# #??#???????????????????? | | ????? ### ##### ######??????????????????????? | | ???????# #???# #???????????????????????????? | | ???????## ##???# ######??????????????????????? | | ????????###????# #??????????????????????? | | ??????????########### #?#????????????????????? | | ??????????# """ #?#" # #????????????????????? | | ?????????## "" ###" ""#### #?????????????? | | ?????????#T " ! [ = *= #????????????? | | ?????????## % % #!#"=% #???????????? | | ??????????# ! # #""#""#### #??????????? | | ??????????######## #######?????? #?????????? | | ?????????????????# % #????????????????????? | | ?????????????????###### #????????????????????? | | ????????########??????# #????????????????????? | | ???????## ## ##?????# #????????????????????? | | ??????## ##????#u#????????????????????? | | ??????# < ##???# #????????????????????? | | ?????##! #???# #????????????????????? | | ?????# ### [ ##### #????????????????????? | | ?????# ##?### ##???????????????????? | | ?????####????## # ###?????????????????? | | ??????????????# # #?????????????????? | | ?????????????## % #?????????????????? | | ?????????????# dd #?????????????????? | | ?????????????# @ #??????????????????? | | ?????????????## #?????????????????? | | ??????????????# ##?????????????????? | | ??????????????# #??????????????????? | | ??????????????## ##??????????????????? | | ???????????????### # ##???????????????????? | | ?????????????????##### ##????????????????????? | | ?????????????????????# #?????????????????????? | | ?????????????????????#%#?????????????????????? | | ????????????????????? ! ?????????????????????? | | ?????????????????????###?????????????????????? | | ?????????????????????????????????????????????? | | ?????????????????????????????????????????????? | | ?????????????????????????????????????????????? | | ?????????????????????????????????????????????? | | ?????????????????????????????????????????????? | | ?????????????????????????????????????????????? | | ?????????????????????????????????????????????? | | ?????????????????????????????????????????????? | | ?????????????????????????????????????????????? | | ?????????????????????????????????????????????? | | ?????????????????????????????????????????????? | | ?????????????????????????????????????????????? | | ?????????????????????????????????????????????? | | ?????????????????????????????????????????????? | +----------------------------------------------------+ Best States ------------- Heat Dissipation 25 Energy Generation 12 Energy Capacity 265 Matter Stores 300 Matter Capacity 300 Sight Range 16 Terrain Scan Range 16 Terrain Scan Density 10 Resistance: KI 20 Resistance: TH 20 Resistance: EX 20 Resistance: EM 20 Resistance: I 20 Resistance: S 20 Resistance: P 20 Evasion (%) 50 Recoil Reduction 2 Offensive Hacking 10 Item Schematics ----------------- None Robot Schematics ------------------ None Fabricated ------------ Nothing Alien Tech Used ----------------- None Achievements -------------- None Challenges ------------ None Game ------ Seed ReactionBlastModule Manual? 0 Play Time 00:11:45 Cumulative 13.7 hours Start 2024.09.28 @ 20:03:13 End 2024.09.28 @ 20:12:58 Sessions 1 Manual Loads 0 Difficulty Adventurer Special Mode None Game No. 13 Rogue 0 Adventurer 12 Explorer 1 Win Type - Total 0 Types 0/0/0/0/0/0/0/0/0 Lore% 12 Gallery% 18 Achievement% 17 Wizard Run 0 Options --------- Layout 1 ASCII 0 Keyboard 0 Movement Mouse Keybinds 0 Fullscreen 1 Font 24/Swanston Map View 25x20 Zoom Use 98% Tactical HUD 1 Map Filters NONE Filters NONE Steam 1 RUN: d28528ce-53d9-4041-b8a5-d5e5d7bc3c26